 Dungeon Crawl Stone Soup version 0.26.0-10-g1f06aea511 (webtiles) character file.

Game seed: 9278098462322233955

13480 Borgoz the Carver (level 12, -6/105 HPs)
             Began as a Ghoul Gladiator on Jan 30, 2021.
             Was a Priest of Ashenzari.
             Mangled by a minotaur
             ... wielding a +4 vorpal great mace
              (15 damage)
             ... in a Gauntlet.
             The game lasted 00:21:49 (13840 turns).

Borgoz the Carver (Ghoul Gladiator)                Turns: 13840, Time: 00:21:50

Health: -6/105     AC: 16    Str: 19      XL:     12   Next: 6%
Magic:  11/11      EV: 14    Int:  2 (3)  God:    Ashenzari [***...]
Gold:   1673       SH: 10    Dex: 12 (14) Spells: 11/11 levels left

rFire    . . .     SeeInvis +   a - +0 scimitar
rCold    + + .     Faith    .   u - +0 buckler
rNeg     + + +     Spirit   .   i - +4 scale mail of Giume {rC+ Regen+ Stlth-}
rPois    ∞         Reflect  +   c - +0 helmet
rElec    .         Harm     +   e - scarf {harm}
rCorr    .         Rampage  .   x - +2 pair of gloves
Will     +....     NoTele   +   (no boots)
Stlth    ..........             l - amulet of reflection
HPRegen  0.00/turn              h - +4 ring of slaying
MPRegen  0.12/turn              d - ring of willpower

@: studying Short Blades
A: claws 1, cold resistance 1, negative energy resistance 3, inhibited
regeneration, torment resistance, unbreathing
a: Renounce Religion, Curse Item, Scrying


You were in a Gauntlet.
You worshipped Ashenzari.
Ashenzari was most pleased with you.
You visited 2 branches of the dungeon, and saw 13 of its levels.
You also visited: Gauntlet.

You collected 1673 gold pieces.

Inventory:

Hand Weapons
 a - a +0 scimitar (weapon)
 b - a +2 dagger of electrocution
 f - a +0 great sword
Armour
 c - a +0 helmet (worn)
 e - a scarf of harm (worn)
 i - the +4 scale mail of Giume (worn) {rC+ Regen+ Stlth-}
   (You found it on level 10 of the Dungeon)

   It protects you from cold.
   It increases your rate of regeneration.
   It makes you less stealthy.
 o - a +2 cloak of preservation
 u - a +0 buckler (worn)
 x - a +2 pair of gloves (worn)
 z - +0 acid dragon scales
Jewellery
 d - a ring of willpower (right hand)
 g - an uncursed amulet of regeneration
 h - a +4 ring of slaying (left hand)
 l - an amulet of reflection (around neck)
 n - a +4 ring of protection
 y - a +6 ring of intelligence
Wands
 w - a wand of flame (24)
 A - a wand of digging (14)
Scrolls
 j - 2 scrolls of remove curse
 p - 3 scrolls of fog
 q - 4 scrolls of teleportation
 v - a scroll of fear
 C - 2 scrolls of blinking
Potions
 m - a potion of resistance
 r - a potion of cancellation {unknown}
 D - a potion of brilliance
 E - 2 potions of lignification {unknown}
Books
 k - a manual of Short Blades


   Skills:
 + Level 9.4 Fighting
 * Level 11.0 Long Blades
 - Level 1.7 Throwing
 * Level 7.5 Armour
 * Level 8.2 Dodging
 - Level 4.0 Shields


You had 11 spell levels left.
You didn't know any spells.
Your spell library contained the following spells:

 Spells                   Type           Power        Failure   Level
 Freeze                   Ice            0%           86%         1
 Frozen Ramparts          Ice            0%           99%         3
 Ozocubu's Armour         Ice            0%           99%         3
 Hailstorm                Conj/Ice       0%           100%        4
 Summon Ice Beast         Ice/Summ       0%           100%        4


Dungeon Overview and Level Annotations

Branches:
Dungeon (12/15)            Temple (1/1) D:4            Lair (0/6) D:8
    Orc (0/2) D:11        Gauntlet (1/1)

Altars:
Ashenzari
Cheibriados
Dithmenos
Elyvilon
Fedhas
Gozag
Hepliaklqana
Kikubaaqudgha
Makhleb
Nemelex Xobeh
Okawaru
Qazlal
Ru
Sif Muna
Trog
Uskayaw
Vehumet
Wu Jian
Xom
Yredelemnul
Zin
The Shining One
Beogh

Shops:
D:9 }   D:12 [

Annotations:
D:6 3 runed translucent doors, Jaiteiro's ghost, novice MiDe Gauntlet 8 transporters, 2 runed translucent doors


Innate Abilities, Weirdness & Mutations

You thrive by killing the living.
You are immune to poison.
You have sharp fingernails.
Your flesh is cold resistant. (rC+)
You are immune to negative energy. (rN+++)
You do not regenerate when monsters are visible.
You are immune to unholy pain and torment.
You can survive without breathing.


Message History

The minotaur is moderately wounded.
You hit the minotaur.
The minotaur is moderately wounded.
The minotaur hits you with a +4 vorpal great mace!!
The minotaur gores you but does no damage.
You barely miss the minotaur.
The minotaur is moderately wounded.
The minotaur barely misses you. You block the minotaur's attack.
You slash the minotaur!
The minotaur is heavily wounded.
You slash the minotaur!
The minotaur is severely wounded.
The minotaur hits you with a +4 vorpal great mace.
The minotaur barely misses you.
You closely miss the minotaur.
The minotaur is severely wounded.
The minotaur hits you with a +4 vorpal great mace!!
* * * LOW HITPOINT WARNING * * *
x2 The minotaur gores you!
You die...

*.................#
#########.#########
#.##### #.....#
#######.# #.....#.#
#.###.#.# #.#∩#.#.#
#.#,#@#.# #.# #H#.#
#.#,..#.# #.#####.#
#.......# #########


You could see a minotaur.

Vanquished Creatures
  2 two-headed ogres
  A wretched star (Gauntlet)
  A fire crab (Gauntlet)
  2 orc knights (D:10)
  2 cyclopes (D:12)
  A gargoyle (D:12)
  2 trolls
  Grinder (D:3)
  A hornet (D:9)
  2 wraiths
  15 yaks (D:9)
  A wyvern (D:9)
  3 fire bats (Gauntlet)
  A steam dragon (D:9)
  A neqoxec (Gauntlet)
  2 wargs
  An acid dragon (D:11)
  3 swamp worms (Gauntlet)
  2 orc warriors (D:7)
  3 phantoms
  A necrophage (D:10)
  4 ogres
  A black bear (D:8)
  9 centaurs
  Blork the orc (D:4)
  7 bullfrogs
  3 scorpions
  2 killer bees (D:11)
  4 wights (D:10)
  3 howler monkeys
  2 quasits
  A centaur zombie (D:8)
  7 hounds
  9 orc priests
  Crazy Yiuf (D:5)
  3 centaur skeletons
  A jelly (D:9)
  A bullfrog skeleton (D:11)
  An iguana (D:5)
  12 orc wizards
  Natasha (D:4)
  9 worker ants
  A hound skeleton (D:10)
  Robin (D:4)
  3 worker ant zombies
  8 gnolls
  11 adders
  A howler monkey skeleton (D:4)
  3 white imps (D:7)
  3 ufetubi
  An ooze (D:1)
  An adder skeleton (D:4)
  3 worms
  2 dart slugs (D:1)
  10 leopard geckos
  48 orcs
  6 giant cockroaches
  12 hobgoblins
  6 jackals
  8 quokkas
  6 bats
  7 frilled lizards
  15 goblins
  4 kobolds
  A leopard gecko skeleton (D:4)
  8 rats
299 creatures vanquished.

Notes
Turn   | Place    | Note
-------+----------+-------------------------------------------
     0 | D:1      | Borgoz the Ghoul Gladiator began the quest for the Orb.
     0 | D:1      | Reached XP level 1. HP: 17/17 MP: 0/0
   234 | D:1      | Reached XP level 2. HP: 25/25 MP: 1/1
   470 | D:1      | Reached skill level 3 in Long Blades
   659 | D:1      | Reached XP level 3. HP: 30/30 MP: 2/2
   681 | D:1      | Reached skill level 1 in Armour
  1236 | D:2      | Found a sacrificial altar of Ru.
  1580 | D:2      | Reached XP level 4. HP: 37/37 MP: 3/3
  2201 | D:3      | Noticed Grinder
  2231 | D:3      | Reached XP level 5. HP: 29/45 MP: 4/4
  2239 | D:3      | Paralysed by Grinder for 2 turns
  2246 | D:3      | Paralysed by Grinder for 7 turns
  2253 | D:3      | HP: 1/45 [Grinder (4)]
  2595 | D:3      | Paralysed by Grinder for 6 turns
  2605 | D:3      | Paralysed by Grinder for 5 turns
  2638 | D:4      | HP: 1/45 [howler monkey (6)]
  2641 | D:4      | Reached skill level 4 in Long Blades
  2643 | D:4      | HP: 2/45 [adder (2)]
  2651 | D:4      | HP: 1/45 [quokka (1)]
  2688 | D:4      | Noticed Robin
  2693 | D:4      | HP: 1/45 [adder (5)]
  3174 | D:4      | Got a crude ruby amulet
  3187 | D:4      | Noticed Blork the orc
  3194 | D:4      | Identified the amulet "Idez" {Inacc rN+} (You found it on
                  | level 4 of the Dungeon)
  3195 | D:4      | Killed Blork the orc
  3196 | D:4      | Reached XP level 6. HP: 9/52 MP: 5/5
  3561 | D:4      | Reached XP level 7. HP: 15/59 MP: 6/6
  3899 | D:4      | Found a staircase to the Ecumenical Temple.
  3915 | Temple   | Entered the Ecumenical Temple
  4163 | Temple   | Became a worshipper of Ashenzari the Shackled
  4291 | D:4      | Killed Robin
  4311 | D:4      | Reached skill level 5 in Long Blades
  4381 | D:3      | Paralysed by Grinder for 5 turns
  4390 | D:3      | Killed Grinder
  5293 | D:4      | Reached * piety under Ashenzari
  5308 | D:4      | Noticed Natasha
  5312 | D:4      | Killed Natasha
  5380 | D:4      | Reached XP level 8. HP: 67/67 MP: 7/7
  5494 | D:5      | Entered Level 5 of the Dungeon
  5674 | D:5      | Reached skill level 6 in Long Blades
  5680 | D:5      | Reached skill level 5 in Fighting
  6324 | D:5      | Found a runed translucent door.
  6325 | D:5      | Noticed Crazy Yiuf
  6332 | D:5      | Killed Crazy Yiuf
  6526 | D:6      | Reached skill level 5 in Dodging
  6758 | D:6      | Noticed a water elemental
  6759 | D:6      | Found a stormy altar of Qazlal.
  6866 | D:6      | Noticed an air elemental
  6894 | D:6      | Found a runed translucent gate.
  6895 | D:6      | Found a runed translucent gate.
  6896 | D:6      | Found a runed translucent gate.
  6896 | D:6      | Noticed Jaiteiro's ghost (novice MiDe)
  7160 | D:7      | Reached skill level 7 in Long Blades
  7160 | D:7      | Reached XP level 9. HP: 32/75 MP: 8/8
  7923 | D:7      | Identified 2 scrolls of acquirement
  7924 | D:7      | Acquired a cursed +1 cloak of preservation
  7926 | D:7      | Acquired 979 gold pieces
  7958 | D:7      | Reached ** piety under Ashenzari
  8440 | D:8      | Found a staircase to the Lair.
  8750 | D:7      | Reached skill level 1 in Shields
  9265 | D:8      | Found a shimmering blue altar of Sif Muna.
  9348 | D:8      | Reached skill level 5 in Armour
  9750 | D:8      | Reached skill level 8 in Long Blades
  9925 | D:9      | Reached XP level 10. HP: 34/84 MP: 9/9
 10210 | D:9      | Got the flail "Guifirei" {speed, rElec rPois Str+3 Stlth+}
 10211 | D:9      | Identified the +2 flail "Guifirei" {speed, rElec rPois
                  | Str+3 Stlth+} (You found it on level 9 of the Dungeon)
 10593 | D:9      | Found Witrisch's Gadget Boutique.
 10703 | D:9      | Reached skill level 9 in Long Blades
 11132 | D:10     | Entered Level 10 of the Dungeon
 11280 | D:10     | Found a stormy altar of Qazlal.
 11314 | D:10     | Noticed a two-headed ogre
 11332 | D:10     | Killed a two-headed ogre
 11333 | D:10     | Reached XP level 11. HP: 41/94 MP: 10/10
 11565 | D:10     | Got the uncursed scale mail of Giume {rC+ Regen+ Stlth-}
 11580 | D:10     | Identified the +4 scale mail of Giume {rC+ Regen+ Stlth-}
                  | (You found it on level 10 of the Dungeon)
 12145 | D:11     | Noticed an orc knight
 12148 | D:11     | Noticed an orc knight
 12207 | D:10     | Killed an orc knight
 12208 | D:10     | Reached skill level 10 in Long Blades
 12333 | D:10     | Killed an orc knight
 12490 | D:11     | Found a staircase to the Orcish Mines.
 12491 | D:11     | Found a roughly hewn altar of Beogh.
 12776 | D:11     | Noticed a two-headed ogre
 12791 | D:11     | Killed a two-headed ogre
 12885 | D:12     | Noticed a two-headed ogre
 12923 | D:12     | Noticed a brown ugly thing
 12945 | D:12     | Noticed a cyclops
 12954 | D:12     | Killed a cyclops
 12979 | D:12     | Reached *** piety under Ashenzari
 12993 | D:12     | Found Pubuof's Antique Armour Shoppe.
 12994 | D:12     | Noticed a cyclops
 13003 | D:12     | Killed a cyclops
 13017 | D:12     | Found a gate leading to a gauntlet.
 13028 | Gauntlet | Entered a Gauntlet
 13028 | Gauntlet | Found a transporter.
 13028 | Gauntlet | Noticed a fire crab
 13064 | Gauntlet | Found a transporter.
 13072 | Gauntlet | Found a transporter.
 13074 | Gauntlet | Found a transporter.
 13078 | Gauntlet | Noticed a hell hog
 13086 | Gauntlet | Found a transporter.
 13099 | Gauntlet | Found a transporter.
 13099 | Gauntlet | Noticed a hell beast
 13111 | Gauntlet | Found a transporter.
 13113 | Gauntlet | Found a runed translucent door.
 13114 | Gauntlet | Found a runed translucent door.
 13115 | Gauntlet | Identified the ring "Xaulipua" {rF+ Will++ Str+3}
 13120 | Gauntlet | Noticed a wretched star
 13121 | Gauntlet | Found a runed translucent gate.
 13122 | Gauntlet | Found a transporter.
 13122 | Gauntlet | Found a runed translucent gate.
 13123 | Gauntlet | Found a runed translucent gate.
 13136 | Gauntlet | Found a transporter.
 13150 | Gauntlet | Found a transporter.
 13150 | Gauntlet | Found a transporter.
 13192 | Gauntlet | Found a transporter.
 13206 | Gauntlet | Found a transporter.
 13219 | Gauntlet | Found a transporter.
 13298 | Gauntlet | Killed a fire crab
 13587 | Gauntlet | Reached XP level 12. HP: 81/104 MP: 11/11
 13648 | Gauntlet | Killed a wretched star
 13649 | Gauntlet | Reached skill level 11 in Long Blades
 13831 | Gauntlet | Identified the ring "Dicvegar" {+Fly rF+ Stlth+}
 13831 | Gauntlet | Noticed a minotaur
 13840 | Gauntlet | Mangled by a minotaur

Illustrated notes

Levels and vault maps discovered:
D:1:      minmay_arrival_four_loops, layout_basic
D:2:      layout_basic, lemuel_coloured_pillars_altar
D:3:      layout_basic, minivault_26, uniq_grinder
D:4:      layout_loops_cross, minmay_temple_entry_purple_smoke,
          uniq_blork_the_orc, uniq_natasha, uniq_robin
D:5:      layout_rooms, uniq_crazy_yiuf_cottage
D:6:      layout_cave_pools, gammafunk_ghost_split,
          nicolae_qazlal_style_of_elements
D:7:      layout_layer_cave
D:8:      layout_cave_pods, erik_lair_orcish_takeover, basic_altar
D:9:      layout_basic, serial_shops, shop
D:10:     layout_rooms, basic_altar
D:11:     layout_roguey, david_orc_5
D:12:     layout_long_grid, gauntlet_entry_generic, serial_shops, shop,
          gammafunk_ghost_hive, nicolae_lava_and_water, lightli_corner_chamber,
          uniq_erolcha
Temple:   nicolae_temple_the_god_donut
Gauntlet: minmay_gauntlet_77_tree [minmay_gauntlet_arena_77_two_lines,
          minmay_gauntlet_arena_77_mirror,
          minmay_gauntlet_arena_77_broken_ladder,
          minmay_gauntlet_arena_77_run_for_it, minmay_gauntlet_arena_77_cramped,
          minmay_gauntlet_arena_77_fan, minmay_gauntlet_arena_77_double_cross,
          gauntlet_exit_spiral]

Skill      XL: |  1  2  3  4  5  6  7  8  9 10 11 12 |
---------------+-------------------------------------+-----
Long Blades    | 3 4 5 7 8 9 10 11 | 11.0
Dodging        | 3 4 5 6 7 8 |  8.2
Armour         | 1 2 3 4 5 6 7 |  7.5
Fighting       | 3 4 5 6 8 9 |  9.4
Shields        | 2 4 |  4.0
Throwing       | |  1.7

Action                   |  1- 3 |  4- 6 |  7- 9 | 10-12 || total
-------------------------+-------+-------+-------+-------++-------
Melee: Long sword        |   115 |   164 |   205 |       ||   484
       Scimitar          |       |       |   179 |   521 ||   700
Throw: Throwing net      |       |     7 |     1 |     2 ||    10
Evoke: Wand              |       |       |     1 |       ||     1
  Use: Scroll            |     5 |     6 |     9 |     7 ||    27
       Potion            |       |     3 |     5 |     6 ||    14
 Stab: Held in net/web   |       |       |       |     2 ||     2
Armor: Leather armour    |    35 |    52 |    84 |    30 ||   201
       Scale mail        |       |       |       |   113 ||   113
Dodge: Dodged            |    90 |    98 |   213 |   237 ||   638
Block: Other             |       |    14 |    19 |       ||    33
       Reflection        |       |     1 |     4 |    15 ||    20
       Buckler           |       |       |   126 |   211 ||   337
       Rpst.: Long sword |    27 |    28 |    34 |       ||    89
       Scimitar          |       |       |    27 |    63 ||    90
